 Dungeon Crawl Stone Soup version 0.20.0-8-g6b59dc7 (webtiles) character file.

3738 MDvedh the Grappler (level 9, -5/84 HPs)
             Began as a Troll Hunter on May 30, 2017.
             Was a Believer of Qazlal.
             Slain by a vampire (9 damage)
             ... on level 10 of the Dungeon.
             The game lasted 00:10:18 (6123 turns).

MDvedh the Grappler (Troll Hunter)                  Turns: 6123, Time: 00:10:19

Health: -5/84      AC:  6    Str: 25    XL:     9   Next: 93%
Magic:  10/10      EV:  9    Int:  7    God:    Qazlal [**....]
Gold:   481        SH: 12    Dex: 12    Spells: 8/8 levels left

rFire    . . .     SeeInvis .     - Unarmed
rCold    + . .     Gourm    +   m - +0 shield
rNeg     . . .     Faith    .   b - +0 robe
rPois    .         Spirit   .   (helmet restricted)
rElec    .         Reflect  .   E - +0 cloak
rCorr    +         Harm     .   (gloves unavailable)
MR       +....                  (boots unavailable)
Stlth    +.........             j - amulet of magic regeneration
Regen    0.7/turn               J - ring of protection from cold
MPRegen  0.2/turn               z - ring of resist corrosion

@: no status effects
A: unfitting armour, beak, claws 3, agile 1, fast metabolism 3, gourmand, magic
resistance 1, regeneration 1, shaggy fur 1, tough skin 2
a: Upheaval, Renounce Religion


You were on level 10 of the Dungeon.
You worshipped Qazlal.
Qazlal was pleased with you.
You were not hungry.

You visited 1 branch of the dungeon, and saw 9 of its levels.

You collected 481 gold pieces.

Inventory:

Missiles
 c - 5 large rocks (quivered)
 d - 2 throwing nets
Armour
 b - a +0 robe (worn)
 m - a +0 shield (worn)
 E - a +0 cloak (worn)
Jewellery
 i - a +3 ring of strength
 j - an amulet of magic regeneration (around neck)
 z - a ring of resist corrosion (right claw)
 J - a ring of protection from cold (left claw)
Wands
 a - a wand of digging (12/24)
 p - a wand of disintegration (6/24)
 D - a wand of confusion (22/48)
Scrolls
 e - 2 scrolls of random uselessness {unknown}
 l - a scroll of amnesia
 q - 3 scrolls of fear
 v - 2 scrolls of enchant armour {unknown}
 w - 4 scrolls of magic mapping {unknown}
 x - a scroll of recharging {unknown}
 y - 2 scrolls of immolation {unknown}
 C - 2 scrolls of identify
 F - a scroll of vulnerability {unknown}
 G - 2 scrolls of teleportation
 I - a scroll of silence {unknown}
 K - a scroll of enchant weapon
Potions
 g - 3 potions of might
 n - a potion of lignification
 o - a potion of berserk rage {unknown}
 r - a potion of invisibility {unknown}
 s - 3 potions of agility
 A - a potion of curing {unknown}
 B - a potion of brilliance {unknown}
 H - a potion of mutation {unknown}
Comestibles
 f - 4 bread rations
 h - 5 meat rations
 t - 4 fruits
 u - 8 royal jellies


   Skills:
 + Level 3.6 Fighting
 - Level 3.6 Throwing
 + Level 3.5 Dodging
 - Level 0.3 Stealth
 + Level 2.9 Shields
 * Level 11.6 Unarmed Combat
 + Level 3.4 Invocations


You had 8 spell levels left.
You didn't know any spells.

Dungeon Overview and Level Annotations

Branches:
Dungeon (8/15)             Temple (0/1) D:4
   Lair: D:8-11

Altars:
Cheibriados
Hepliaklqana
Nemelex Xobeh
Okawaru
Qazlal
Ru
Trog
Uskayaw
Xom
The Shining One


Innate Abilities, Weirdness & Mutations

You are too large for most types of armour.
You have claws for hands.
Your metabolism is lightning-fast.
You like to eat raw meat.
Your natural rate of healing is unusually fast.
You are covered in fur. (AC +1)
You have very tough skin. (AC +2)
You have a beak for a mouth.
You are agile. (Dex +2)
You are resistant to hostile enchantments. (MR+)


Message History

Something draws strength from your injuries!
You closely miss something. Your peck misses something. Something hits you.
* * * LOW HITPOINT WARNING * * *
You block something's attack.
You barely miss something. Your peck misses something.
A vampire appears from thin air!
Reactivating autopickup.
The vampire casts a spell.
The vampire flickers and vanishes!
Deactivating autopickup; reactivate with Ctrl-A.
You closely miss something. Something hits you!
* * * LOW HITPOINT WARNING * * *
You block something's attack.
Your shield prevents you from hitting something.
Your peck misses something. Something hits you!
* * * LOW HITPOINT WARNING * * *
Something bites you but does no damage.
Your shield prevents you from hitting something.
Your peck misses something. Something hits you!
You die...

### ##### .. #
##..? .#.####
####...####{......
#.......()@.......
#.##...###########
##.## #. #. .. ##


There were no monsters in sight!

Vanquished Creatures
  Psyche (D:8)
  A queen bee (D:8)
  A hungry ghost (D:7)
  An orc warrior (D:10)
  2 black bears
  2 sky beasts
  A hornet zombie (D:8)
  2 phantoms
  A necrophage (D:5)
  3 ogres
  5 bullfrogs
  21 killer bees
  An electric eel (D:7)
  A crimson imp (D:5)
  2 bullfrog zombies
  4 hounds
  3 orc wizards
  6 worker ants
  A hound skeleton (D:4)
  A worker ant zombie (D:8)
  5 adders
  7 gnolls
  2 shadow imps
  3 oozes
  7 worms
  2 dart slugs
  3 leopard geckos
  19 orcs
  4 giant cockroaches
  7 goblins
  5 hobgoblins
  2 jackals (D:2)
  9 kobolds
  A ball python (D:2)
  5 bats
  8 frilled lizards
  8 rats
157 creatures vanquished.

Notes
Turn   | Place    | Note
-------+----------+-------------------------------------------
     0 | D:1      | MDvedh the Troll Hunter began the quest for the Orb.
     0 | D:1      | Reached XP level 1. HP: 19/19 MP: 0/0
    40 | D:1      | Reached skill level 1 in Unarmed Combat
    90 | D:1      | Reached XP level 2. HP: 27/27 MP: 1/1
   303 | D:1      | Reached skill level 2 in Unarmed Combat
   590 | D:2      | Reached XP level 3. HP: 33/33 MP: 2/2
   674 | D:2      | Reached skill level 3 in Unarmed Combat
  1288 | D:3      | Reached XP level 4. HP: 31/41 MP: 3/3
  1351 | D:3      | Found a sparkling altar of Nemelex Xobeh.
  1351 | D:3      | Found a stormy altar of Qazlal.
  1354 | D:3      | Became a worshipper of Qazlal Stormbringer
  1559 | D:3      | Reached skill level 4 in Unarmed Combat
  2302 | D:4      | Found a staircase to the Ecumenical Temple.
  2317 | D:4      | Reached skill level 5 in Unarmed Combat
  2317 | D:4      | Reached XP level 5. HP: 41/48 MP: 4/4
  2330 | D:4      | Noticed an ogre
  2340 | D:4      | Killed an ogre
  2344 | D:4      | Reached * piety under Qazlal
  2378 | D:4      | Found a snail-covered altar of Cheibriados.
  2418 | D:4      | Reached skill level 6 in Unarmed Combat
  2418 | D:4      | Reached XP level 6. HP: 55/55 MP: 5/5
  2976 | D:5      | Entered Level 5 of the Dungeon
  3015 | D:5      | Reached skill level 7 in Unarmed Combat
  3032 | D:5      | You fall through a shaft for 3 floors!
  3032 | D:8      | Found a glowing golden altar of the Shining One.
  3032 | D:8      | Found a sacrificial altar of Ru.
  3039 | D:8      | Reached XP level 7. HP: 41/62 MP: 6/6
  3099 | D:7      | Noticed a hungry ghost
  3111 | D:7      | Killed a hungry ghost
  3111 | D:7      | Reached skill level 8 in Unarmed Combat
  3133 | D:7      | Reached skill level 9 in Unarmed Combat
  3205 | D:7      | Found a bloodstained altar of Trog.
  3275 | D:7      | Found a glowing golden altar of the Shining One.
  3302 | D:7      | Reached XP level 8. HP: 68/70 MP: 7/7
  3328 | D:7      | Reached skill level 10 in Unarmed Combat
  3340 | D:7      | Gained mutation: You have a beak for a mouth. [mutagenic meat]
  3341 | D:7      | Gained mutation: You are agile. (Dex +2) [mutagenic meat]
  3342 | D:7      | Gained mutation: You are resistant to hostile enchantments. (MR+) [mutagenic meat]
  3836 | D:5      | Reached ** piety under Qazlal
  3982 | D:6      | Found a hide-covered altar of Uskayaw.
  3983 | D:6      | Found an iron altar of Okawaru.
  4032 | D:6      | Reached skill level 1 in Shields
  4032 | D:6      | Reached skill level 1 in Invocations
  4820 | D:7      | Reached XP level 9. HP: 78/78 MP: 9/9
  4855 | D:7      | Found a hazy altar of Hepliaklqana.
  4856 | D:7      | Found a shimmering altar of Xom.
  4859 | D:7      | Noticed a spectral ugly thing
  5380 | D:8      | Noticed a queen bee
  5394 | D:8      | Killed a queen bee
  5394 | D:8      | Reached skill level 11 in Unarmed Combat
  5410 | D:8      | Noticed Psyche
  5413 | D:8      | Killed Psyche
  5875 | D:8      | Found a sacrificial altar of Ru.
  6090 | D:8      | You fall through a shaft for 2 floors!
  6090 | D:10     | Entered Level 10 of the Dungeon
  6122 | D:10     | HP: 3/84 [something (14)]
  6123 | D:10     | Slain by a vampire

Skill      XL: |  1  2  3  4  5  6  7  8  9 |
---------------+----------------------------+-----
Unarmed Combat | 1 2 3 5 6 7 9 10 11 | 11.6
Shields        | 1 2 |  2.9
Invocations    | 1 3 |  3.4
Dodging        | 2 3 |  3.5
Fighting       | 2 3 |  3.6
Throwing       | |  3.6
Stealth        | |  0.3

Action                   |  1- 3 |  4- 6 |  7- 9 || total
-------------------------+-------+-------+-------++-------
Melee: Unarmed           |   120 |   128 |   248 ||   496
       Short sword       |     5 |       |       ||     5
       Punch             |     1 |       |       ||     1
       Peck              |       |       |    26 ||    26
Throw: Large rock        |       |     1 |     2 ||     3
Invok: Upheaval          |       |       |     1 ||     1
  Use: Scroll            |     5 |     4 |     3 ||    12
       Potion            |       |       |     9 ||     9
  Eat: Chunk             |     9 |    10 |    20 ||    39
       Bread ration      |       |     1 |     3 ||     4
       Royal jelly       |       |     1 |       ||     1
Armor: Robe              |    57 |    35 |    21 ||   113
       Skin              |       |       |   173 ||   173
Dodge: Dodged            |    67 |    52 |    39 ||   158
Block: Shield            |       |    38 |   181 ||   219
